 Dungeon Crawl Stone Soup version 0.25.1-1-g288607f5aa (webtiles) character file.

Game seed: 14881686504491722072

4094 BledDest the Cleaver (level 10, -7/90 HPs)
             Began as a Hill Orc Monk on July 28, 2020.
             Was a Believer of Beogh.
             Mangled by an orc warrior
             ... wielding a +0 spear
              (12 damage)
             ... in a bailey.
             The game lasted 00:23:34 (11906 turns).

BledDest the Cleaver (Hill Orc Monk)               Turns: 11906, Time: 00:23:35

Health: -7/90      AC: 11    Str: 17    XL:     10   Next: 26%
Magic:  13/13      EV: 15    Int: 10    God:    Beogh [**....]
Gold:   512        SH:  0    Dex: 14    Spells: 9/9 levels left

rFire    . . .     SeeInvis .   f - +0 war axe
rCold    . . .     Gourm    .   (no shield)
rNeg     . . .     Faith    .   J - +0 steam dragon scales
rPois    .         Spirit   .   s - +0 helmet
rElec    .         Reflect  .   (no cloak)
rCorr    .         Harm     .   g - +2 pair of gloves
MR       .....                  (no boots)
Stlth    ++........             (no amulet)
HPRegen  0.25/turn              (no ring)
MPRegen  0.13/turn              (no ring)

@: stab, flying
A: no striking features
a: Smiting, Renounce Religion


You were in a bailey.
You worshipped Beogh.
Beogh was pleased with you.
You were not hungry.

You visited 1 branch of the dungeon, and saw 8 of its levels.
You also visited: Bailey.

You collected 512 gold pieces.

Inventory:

Hand Weapons
 a - a +0 hand axe
 f - a +0 war axe (weapon)
 A - a +0 arbalest
 G - a +3 flail of draining
 I - a +1 vorpal long sword
 L - a +1 trident of venom
Missiles
 M - 7 javelins (quivered)
Armour
 b - a +0 robe
 g - a +2 pair of gloves (worn)
 s - a +0 helmet (worn)
 B - a +0 chain mail
 J - +0 steam dragon scales (worn)
Wands
 m - a wand of acid (9)
 t - a wand of polymorph (4)
 H - a wand of clouds (3)
Scrolls
 e - 2 scrolls of enchant weapon {unknown}
 h - 3 scrolls of remove curse {unknown}
 j - 3 scrolls of fog {unknown}
 l - 3 scrolls of teleportation {unknown}
 n - a scroll of magic mapping
 q - a scroll of amnesia
 u - a scroll of fear {unknown}
 v - a scroll of noise {unknown}
 C - a scroll of identify
 D - a scroll of immolation {unknown}
 E - a scroll of enchant armour {unknown}
Potions
 d - 2 potions of curing
 i - a potion of invisibility
 k - 2 potions of flight
 o - a potion of ambrosia {unknown}
 p - 2 potions of might
 x - a potion of brilliance
 z - a potion of resistance {unknown}
Comestibles
 c - 6 rations


   Skills:
 + Level 8.5 Fighting
 + Level 11.8 Axes
 + Level 6.9 Armour
 + Level 5.9 Dodging
 - Level 1.5 Stealth
 + Level 4.3 Invocations


You had 9 spell levels left.
You didn't know any spells.
Your spell library contained the following spells:

 Spells                   Type           Power        Failure   Level  Hunger
 Corona                   Hex            #......      36%         1    ##.....
 Magic Dart               Conj           #...         36%         1    ##.....
 Summon Butterflies       Summ           #.......     36%         1    ##.....
 Blink                    Tloc           N/A          50%         2    ###....
 Call Imp                 Summ           #.......     50%         2    ###....
 Ensorcelled Hibernation  Hex/Ice        #.....       50%         2    ###....
 Slow                     Hex            #.......     50%         2    ###....
 Call Canine Familiar     Summ           #.......     75%         3    ####...
 Confusing Touch          Hex            #.......     75%         3    ####...
 Conjure Flame            Conj/Fire      #.......     75%         3    ####...
 Dazzling Flash           Conj/Hex       #.....       75%         3    ####...
 Mephitic Cloud           Conj/Pois/Air  #.......     75%         3    ####...
 Tukima's Dance           Hex            #.......     75%         3    ####...
 Shadow Creatures         Summ           N/A          100%        6    #######
 Malign Gateway           Summ/Tloc      #.........   100%        7    #######


Dungeon Overview and Level Annotations

Branches:
Dungeon (8/15)             Temple (0/1) D:7          Bailey (1/1)
   Lair: D:8-11

Altars:
Ashenzari
Dithmenos
Elyvilon
Gozag
Trog
Uskayaw
Xom
The Shining One

Shops:
D:5 :   D:7 =


Message History

The orc warrior is severely wounded.
The orc warrior hits you with a +0 spear.
* * * LOW HITPOINT WARNING * * *
It was a potion of stabbing.
You feel ready to backstab.
The orc warrior hits you with a +0 spear.
* * * LOW HITPOINT WARNING * * *
It was a potion of flight.
You feel very buoyant.
You fly up into the air.
The orc warrior hits you but does no damage.
The orc warrior hits you from afar with a +0 spear!
* * * LOW HITPOINT WARNING * * *
The orc warrior hits you but does no damage.
Things that are here:
a cursed +0 halberd; a +0 ring mail
There is an open gate here.
The orc warrior hits you with a +0 spear!
You die...
Beogh appreciates the orc warrior's killing of a heretic priest.

#####....#≈≈≈≈≈..≈≈≈...
....##...#≈≈≈≈(≈≈≈.........≈≈≈.≈≈
≈≈.⌠.#...#≈≈≈≈.≈.............≈.≈≈
.≈≈..#...#≈≈≈(≈≈.⌠.........⌠.≈≈.≈
≈)≈≈.#⌠..#≈≈≈)≈...............≈.≈
≈≈)≈.##..#≈≈(≈≈....≈≈≈≈≈≈≈....≈≈.
.≈.≈≈.#..#####.).≈≈≈≈≈≈(≈≈≈≈...≈.
.≈≈.≈.#.)'......≈≈≈≈≈≈≈≈≈≈≈≈≈..≈.
....≈)#.)'......@≈≈≈≈:)?≈≈≈≈)....
.≈≈.≈.#..'))...o≈≈≈≈≈≈≈≈≈≈≈≈≈..≈.
.≈.≈≈.#.)#####)(.≈≈≈≈≈≈≈≈≈≈≈...≈.
≈≈.≈.##..#≈≈)≈≈....≈≈≈≈≈≈≈....≈≈.
≈.≈≈.#⌠..#≈≈≈)≈.(.............≈.≈
.≈≈..#...#≈≈≈.≈≈.⌠.)..)....⌠.≈≈.≈
≈≈.⌠.#...#≈≈≈≈(≈........)....≈.≈≈
....##...#≈≈≈≈.≈≈≈.........≈≈≈.≈≈
#####....#≈≈≈≈≈..≈≈≈.....≈≈≈..≈≈≈


You could see an orc warrior.

Vanquished Creatures
  Maggie (D:6)
  Menkaure (D:7)
  2 ice beasts
  8 orc warriors
  A black bear (D:5)
  4 ogres
  9 centaurs
  A bullfrog (D:7)
  A wyvern zombie (D:7)
  A gnoll sergeant (D:5)
  3 scorpions
  4 killer bees (D:7)
  A howler monkey (D:5)
  4 crimson imps
  A quasit (D:5)
  5 hounds
  A jelly (D:7)
  A bullfrog skeleton (D:5)
  3 orc wizards (D:4)
  A centaur skeleton (D:7)
  Ijyb (D:3)
  Terence (D:2)
  3 iguanas
  3 worker ants
  2 hound skeletons (D:6)
  Robin (D:3)
  11 gnolls
  A howler monkey skeleton (D:6)
  9 adders
  3 shadow imps
  2 oozes
  2 adder zombies (D:7)
  4 worms
  A dart slug (D:3)
  2 leopard geckos (D:1)
  27 orcs
  7 giant cockroaches
  16 goblins
  7 hobgoblins
  14 jackals
  5 kobolds
  A quokka (D:7)
  2 ball pythons (D:1)
  11 bats
  3 frilled lizards
  A jackal skeleton (D:4)
  8 rats
201 creatures vanquished.

Vanquished Creatures (others)
  An orc priest (D:7)
  A leopard gecko (D:7)
  An orc (D:7)
3 creatures vanquished.

Grand Total: 204 creatures vanquished

Notes
Turn   | Place    | Note
-------+----------+-------------------------------------------
     0 | D:1      | BledDest the Hill Orc Monk began the quest for the Orb.
     0 | D:1      | Reached XP level 1. HP: 19/19 MP: 1/1
   104 | D:1      | Reached XP level 2. HP: 19/26 MP: 2/2
   288 | D:1      | Reached skill level 5 in Axes
   488 | D:1      | You fall into a shaft and drop 1 floor!
   608 | D:1      | Reached XP level 3. HP: 31/31 MP: 3/3
   937 | D:2      | Noticed Terence
   963 | D:2      | Killed Terence
   963 | D:2      | Reached skill level 6 in Axes
  1201 | D:2      | Found an opulent altar of Gozag.
  1353 | D:2      | Reached XP level 4. HP: 37/39 MP: 4/4
  1534 | D:2      | Found a glowing golden altar of the Shining One.
  1993 | D:2      | Noticed a moth of wrath
  1996 | D:2      | Found a bloodstained altar of Trog.
  2035 | D:2      | Reached skill level 7 in Axes
  2333 | D:3      | Found a faded altar of an unknown god.
  2346 | D:3      | Reached XP level 5. HP: 27/45 MP: 5/5
  2499 | D:3      | Noticed Ijyb
  2531 | D:3      | Killed Ijyb
  2793 | D:3      | Reached skill level 8 in Axes
  3067 | D:3      | Noticed Robin
  3111 | D:3      | Killed Robin
  3500 | D:3      | Reached XP level 6. HP: 42/51 MP: 6/6
  3992 | D:4      | Reached skill level 1 in Armour
  4288 | D:4      | Reached skill level 9 in Axes
  4362 | D:4      | Reached XP level 7. HP: 10/60 MP: 7/7
  5067 | D:4      | Found a shadowy altar of Dithmenos.
  5447 | D:4      | Reached skill level 5 in Fighting
  5609 | D:5      | Entered Level 5 of the Dungeon
  5609 | D:5      | Found Iguchooc's Book Shoppe.
  5642 | D:5      | Reached XP level 8. HP: 36/68 MP: 8/8
  6143 | D:5      | Reached skill level 10 in Axes
  6894 | D:6      | Found a white marble altar of Elyvilon.
  7146 | D:6      | Reached XP level 9. HP: 69/78 MP: 9/9
  7184 | D:6      | Found a shattered altar of Ashenzari.
  7386 | D:6      | Noticed Maggie
  7391 | D:6      | Reached skill level 5 in Armour
  7401 | D:6      | Killed Maggie
  7950 | D:7      | Identified the Handbook of Calling
  7966 | D:7      | Reached skill level 5 in Dodging
  8352 | D:7      | Became a worshipper of Beogh the Brigand
  8352 | D:7      | Reached * piety under Beogh
  8352 | D:7      | Reached ** piety under Beogh
  8357 | D:7      | Noticed Menkaure
  8505 | D:7      | Reached skill level 11 in Axes
  9058 | D:7      | Found Liosagi's Jewellery Emporium.
  9130 | D:7      | Found a hide-covered altar of Uskayaw.
  9196 | D:7      | Found a staircase to the Ecumenical Temple.
  9405 | D:7      | Reached skill level 1 in Invocations
  9672 | D:7      | Killed Menkaure
  9999 | D:8      | Found a shimmering altar of Xom.
 10010 | D:8      | Found a flagged portal.
 10040 | Bailey   | Entered a bailey
 10819 | Bailey   | Reached XP level 10. HP: 74/88 MP: 12/12
 11888 | Bailey   | HP: 1/90 [orc warrior/+0 spear (9)]
 11906 | Bailey   | Mangled by an orc warrior

Illustrated notes

Levels and vault maps discovered:
D:1:      dpeg_arrival_pits, layout_loops_ring, serial_bayou_pond_e,
          minmay_vboxes
D:2:      layout_basic, lemuel_doored_altar, nicolae_gozag_seed_capital,
          tgw_trog, uniq_terence
D:3:      kennysheep_goblin_castle, layout_loops_ring,
          chequers_ecumenical_altar_simple, uniq_ijyb
D:4:      layout_gridville, kennysheep_mini
D:5:      layout_basic, first_ration, serial_shops, nicolae_shop_stone
D:6:      layout_basic, nicolae_ashenzari_panopticon,
          nicolae_overflow_crystal_walls, uniq_maggie
D:7:      layout_basic, kennysheep_mini_moat, temple_green, serial_shops, shop,
          uniq_menkaure
D:8:      corexii_shack_village, layout_basic, overflow_temple_1_default,
          enter_bailey_2, uniq_gastronok, uniq_maurice
Bailey:   bailey_polearm_flooded_kennysheep, bailey

Skill      XL: |  1  2  3  4  5  6  7  8  9 10 |
---------------+-------------------------------+-----
Axes           | 5 6 7 8 9 10 11 | 11.8
Armour         | 2 3 4 6 |  6.9
Fighting       | 4 5 6 8 |  8.5
Dodging        | 3 4 5 |  5.9
Invocations    | 3 4 |  4.3
Stealth        | |  1.5

Action                   |  1- 3 |  4- 6 |  7- 9 | 10-12 || total
-------------------------+-------+-------+-------+-------++-------
Melee: Hand axe          |    97 |   220 |       |       ||   317
       War axe           |       |    44 |   446 |    52 ||   542
Throw: Dart              |       |       |    74 |    26 ||   100
       Javelin           |       |       |       |    10 ||    10
       Boomerang         |       |       |       |     2 ||     2
Invok: Convert to Beogh  |       |       |     1 |       ||     1
Evoke: Wand              |       |     2 |     4 |       ||     6
  Use: Scroll            |       |     5 |     1 |       ||     6
       Potion            |       |     1 |     5 |     2 ||     8
 Stab: Sleeping          |     4 |     4 |       |       ||     8
       Invisible         |       |     1 |       |       ||     1
       Confused          |       |       |     1 |       ||     1
  Eat: Chunk             |     1 |    10 |     9 |       ||    20
       Ration            |       |       |     3 |     2 ||     5
Armor: Robe              |    17 |    61 |    12 |       ||    90
       Chain mail        |       |       |   146 |       ||   146
       Steam dragon scal |       |       |    76 |    18 ||    94
Dodge: Dodged            |    69 |   177 |   365 |    76 ||   687
